 Dungeon Crawl Stone Soup version 0.31.0-9-g3a7656b989 (webtiles) character file.

Game seed: 7866400459863303557

15653626 Kenran the Conqueror (level 27, 143/143 (179) HPs)
             Began as a Gargoyle Fighter on Jan 28, 2024.
             Was the Champion of the Shining One.
             Escaped with the Orb
             ... and 14 runes!
             The game lasted 04:28:27 (86842 turns).

Kenran the Conqueror (Gargoyle Fighter)            Turns: 86842, Time: 04:28:27

HP:   143/143 (179) AC: 65    Str: 31      XL:     27
MP:   44/44         EV: 10    Int: 18      God:    the Shining One [******]
Gold: 5798          SH: 23    Dex:  2 (5)  Spells: 26/26 levels left

rFire   + + .        a - +9 broad axe (holy)
rCold   + + .        c - +2 tower shield {reflect}
rNeg    + + +        W - +9 scales of the Dragon King {rPois rF+ rC+ Will+}
rPois   ∞            (helmet restricted)
rElec   +            Q - +2 cloak {rCorr}
rCorr   +            f - +2 pair of gloves
SInv    .            z - +2 pair of boots {rampage}
Will    +++++        S - amulet of Vitality {RegenMP++ Regen++} Stlth
                     j - ring "Sotzofou" {rF+ Will+}
HPRegen 2.83/turn    V - ring "Lyasix" {Fly rPois rC+ Slay+3}
MPRegen 1.09/turn

%: reflection, rampage
@: flying, glowing, studying 4 skills, heavily drained
A: sickness immunity, AC +20, big wings, negative energy resistance 1,
electricity resistance, torment resistance 1, petrification resistance, antennae
1, hooves 1, iridescent scales 1, clever 2, clumsy 1, deformed body,
deterioration 1, frail 1, high MP 1, strong-willed 1, sense surroundings 1,
regeneration 1, subdued magic 1, persistent drain
0: Orb of Zot
}: 14/15 runes: decaying, serpentine, slimy, silver, golden, obsidian, icy,
bone, abyssal, demonic, glowing, magical, fiery, dark
a: Renounce Religion, Divine Shield, Cleansing Flame, Summon Divine Warrior


You escaped.
You worshipped the Shining One.
The Shining One was exalted by your worship.
You visited 18 branches of the dungeon, and saw 84 of its levels.
You visited Pandemonium 1 time, and saw 16 of its levels.
You visited the Abyss 4 times.
You also visited: Sewer, Bailey, Gauntlet and Ice Cave.

You collected 12230 gold pieces.
You spent 6432 gold pieces at shops.

Inventory:

Hand Weapons
 a - a +9 broad axe of holy wrath (weapon)
 b - a +9 broad axe of freezing
 e - a +9 antimagic broad axe
Armour
 c - a +2 tower shield of reflection (worn)
 f - a +2 pair of gloves (worn)
 z - a +2 pair of boots of rampaging (worn)
 H - a +2 helmet of see invisible
 Q - a +2 cloak of preservation (worn)
 W - the +9 scales of the Dragon King (worn) {rPois rF+ rC+ Will+}
   (You found it on level 3 of the Depths)

   rF+:       It protects you from fire.
   rC+:       It protects you from cold.
   rPois:     It protects you from poison Will+: It increases your willpower.
Jewellery
 j - the ring "Sotzofou" (left hand) {rF+ Will+}
   (You found it on level 5 of the Pits of Slime)

   [ring of protection from fire]

   rF+:       It protects you from fire.
   Will+:     It increases your willpower.
 J - the amulet of Xom's Passing Interest {Will+ Regen+ Str+3 Stlth-}
   (You bought it in a shop on level 2 of the Orcish Mines)

   [amulet of regeneration]

   Str+3:     It affects your strength (+3).
   Will+:     It increases your willpower.
   Regen+:    It increases your rate of health regeneration.
   Stlth-:    It makes you less stealthy.
 P - a ring of willpower
 S - the amulet of Vitality (around neck) {RegenMP++ Regen++}
   (You found it on level 2 of the Depths)

   [amulet of magic regeneration]

   RegenMP:   It increases your rate of magic regeneration.
   Regen++:   It increases your rate of health regeneration.
 V - the ring "Lyasix" (right hand) {Fly rPois rC+ Slay+3}
   (You bought it in a shop on level 1 of the Depths)

   [ring of flight]

   Slay+3:    It affects your accuracy & damage with ranged weapons and melee
   (+3).
   rC+:       It protects you from cold.
   rPois:     It protects you from poison Fly: It grants you flight.
 Z - the dreamshard necklace {Acrobat *Dream}
   (You bought it in a shop on level 1 of the Snake Pit)

   [amulet of the acrobat]

   *Dream:    It absorbs a single lethal wound into itself, holding its wearer
   just short of death and releasing dream-creatures to guard them.
   Acrobat:   It increases your evasion while moving and waiting.
Wands
 p - a wand of iceblast (72)
 t - a wand of quicksilver (59)
 y - a wand of paralysis (92)
 B - a wand of digging (13)
 M - a wand of mindburst (54)
Scrolls
 l - 16 scrolls of fear
 m - 15 scrolls of teleportation
 s - 5 scrolls of enchant weapon
 u - 5 scrolls of blinking
 w - 3 scrolls of fog
 G - 9 scrolls of immolation {!r}
 L - 9 scrolls of poison
 N - 8 scrolls of butterflies
 O - 2 scrolls of revelation
 X - 3 scrolls of silence
Potions
 d - 8 potions of might
 g - 5 potions of heal wounds {@q2}
 i - a potion of mutation {!q}
 k - 13 potions of attraction {!q}
 o - 7 potions of magic
 q - 2 potions of resistance
 r - 4 potions of haste
 v - 9 potions of enlightenment
 A - 2 potions of ambrosia
 D - 2 potions of cancellation
 F - 2 potions of berserk rage {!q}
 T - 17 potions of curing {@q1}
Miscellaneous
 h - a box of beasts
 n - a phantom mirror
 C - a figurine of a ziggurat
 R - a lightning rod (4/4)
 U - a tin of tremorstones (2/2)
 Y - a phial of floods


   Skills:
 O Level 27 Fighting
 - Level 23.4 Axes
 O Level 27 Armour
 + Level 22.9 Dodging
 O Level 27 Shields
 O Level 27 Invocations
 O Level 27 Evocations


You had 26 spell levels left.
You didn't know any spells.
Your spell library contained the following spells:

 Spells                   Type           Power      Damage    Failure   Level
 Foxfire                  Conj/Fire      0%         2x1d4     69%         1
 Kiss of Death            Conj/Necr      0%         2d5       69%         1
 Sting                    Conj/Alch      0%         1d3       69%         1
 Summon Small Mammal      Summ           0%         N/A       69%         1
 Call Imp                 Summ           0%         N/A       83%         2
 Ensorcelled Hibernation  Hex/Ice        0%         N/A       83%         2
 Lesser Beckoning         Tloc           0%         N/A       83%         2
 Mercury Vapours          Alch/Air       0%         N/A       83%         2
 Searing Ray              Conj           0%         2d4       83%         2
 Static Discharge         Conj/Air       0%         3-3/arc   83%         2
 Call Canine Familiar     Summ           0%         N/A       96%         3
 Confusing Touch          Hex            0%         N/A       96%         3
 Frozen Ramparts          Ice            0%         1d1       96%         3
 Fugue of the Fallen      Necr           0%         N/A       96%         3
 Gell's Gravitas          Tloc           0%         N/A       96%         3
 Inner Flame              Hex/Fire       0%         N/A       96%         3
 Sigil of Binding         Hex            0%         N/A       96%         3
 Stone Arrow              Conj/Erth      0%         3d7       96%         3
 Swiftness                Air            0%         N/A       96%         3
 Teleport Other           Tloc           0%         N/A       96%         3
 Tukima's Dance           Hex            0%         N/A       96%         3
 Airstrike                Air            0%         2d(0-16)  100%        4
 Anguish                  Hex/Necr       0%         N/A       100%        4
 Animate Armour           Summ/Erth      0%         N/A       100%        4
 Animate Dead             Necr           0%         N/A       100%        4
 Brom's Barrelling Bould  Conj/Erth      0%         2d3       100%        4
 Dimensional Bullseye     Hex/Tloc       0%         N/A       100%        4
 Dispel Undead            Necr           0%         3d6       100%        4
 Flame Wave               Conj/Fire      0%         2d4       100%        4
 Iskenderun's Mystic Bla  Conj/Tloc      0%         2d3       100%        4
 Leda's Liquefaction      Alch/Erth      0%         N/A       100%        4
 Manifold Assault         Tloc           0%         N/A       100%        4
 Martyr's Knell           Necr/Summ      0%         N/A       100%        4
 Passage of Golubria      Tloc           0%         N/A       100%        4
 Petrify                  Alch/Erth      0%         N/A       100%        4
 Sticky Flame             Fire/Alch      0%         2d4       100%        4
 Summon Lightning Spire   Summ/Air       0%         N/A       100%        4
 Vhi's Electric Charge    Tloc/Air       0%         N/A       100%        4
 Arcjolt                  Conj/Air       0%         1d10      100%        5
 Fireball                 Conj/Fire      0%         3d3       100%        5
 Irradiate                Conj/Alch      0%         3d11      100%        5
 Iskenderun's Battlesphe  Conj           0%         2d6       100%        5
 Lee's Rapid Deconstruct  Erth           0%         3d4*      100%        5
 Metabolic Englaciation   Hex/Ice        0%         N/A       100%        5
 Silence                  Hex/Air        0%         N/A       100%        5
 Summon Forest            Summ/Tloc      0%         N/A       100%        5
 Summon Mana Viper        Hex/Summ       0%         N/A       100%        5
 Yara's Violent Unravell  Hex/Alch       0%         3d3       100%        5
 Bombard                  Conj/Erth      0%         9d1       100%        6
 Conjure Ball Lightning   Conj/Air       0%         3x3d6     100%        6
 Dispersal                Tloc           0%         N/A       100%        6
 Plasma Beam              Fire/Air       0%         2x1d10    100%        6
 Sculpt Simulacrum        Ice/Alch       0%         N/A       100%        6
 Malign Gateway           Summ/Tloc      0%         N/A       100%        7
 Monstrous Menagerie      Summ           0%         N/A       100%        7
 Orb of Destruction       Conj           0%         9d5       100%        7
 Ozocubu's Refrigeration  Ice            0%         4d7       100%        7
 Summon Hydra             Summ           0%         N/A       100%        7
 Disjunction              Tloc           0%         N/A       100%        8
 Lehudib's Crystal Spear  Conj/Erth      0%         10d2      100%        8
 Death's Door             Necr           0%         N/A       100%        9
 Polar Vortex             Ice            0%         N/A       100%        9
 Cigotuvi's Dreadful Rot  Necr/Alch/Air  Unusable   N/A       N/A         2
 Sublimation of Blood     Necr           Unusable   N/A       N/A         2

Dungeon Overview and Level Annotations

Branches:
Dungeon (15/15)            Temple (1/1) D:5            Lair (5/5) D:11
  Swamp (4/4) Lair:2        Snake (4/4) Lair:2        Slime (5/5) Lair:4
    Orc (2/2) D:10            Elf (3/3) Orc:2        Vaults (5/5) D:14
  Crypt (3/3) Vaults:3       Tomb (3/3) Crypt:3      Depths (4/4) D:15
   Hell (visited)             Dis (3/7) Hell            Geh (7/7) Hell
    Coc (7/7) Hell            Tar (7/7) Hell            Zot (5/5) Depths:4
  Sewer (visited)          Bailey (visited)           IceCv (visited)
Gauntlet (visited)

Altars:
Ashenzari
Cheibriados
Dithmenos
Elyvilon
Fedhas
Gozag
Hepliaklqana
Kikubaaqudgha
Makhleb
Nemelex Xobeh
Okawaru
Qazlal
Ru
Sif Muna
Trog
Uskayaw
Vehumet
Wu Jian
Xom
Yredelemnul
Zin
The Shining One
Jiyva
Lugonu

Shops:
D:2 (   D:7 :[:   Orc:2 [=*!   Elf:2 :   Snake:1 ?=?   Snake:3 (   Depths:1 ==:
Depths:2 :   Depths:4 :(

Portals:
Hell: Depths:1 Depths:2 Depths:3 Depths:4
Abyss: Depths:1 Depths:2 Depths:3
Pandemonium: Orc:2 Depths:2
Ziggurat: Depths:4
Trove: D:13 (give 2 scrolls of acquirement)

Annotations:
D:10 exclusions: obsidian statue and orange crystal statue
D:13 1 runed translucent door
Vaults:3 3 runed translucent doors, mantisjm's ghost, veteran HOFi
Crypt:2 39 runed translucent doors, Esecs's ghost, veteran GrEE
Zot:3 3 runed translucent doors, Alunk's ghost, legendary GnFi


Innate Abilities, Weirdness & Mutations

You are immune to sickness and miasma.
Your stone body is resilient. (AC +20)
You are immune to poison.
Your large and strong wings let you fly.
You resist negative energy. (rN+)
You are resistant to electric shocks. (rElec)
You are resistant to unholy torment.
You are immune to petrification.
You have a pair of small antennae on your head.
You have large cloven feet.
You are partially covered in iridescent scales. (AC +2)
Your mind is very acute. (Int +8, Str/Dex -2)
You are clumsy. (Dex -2)
Armour fits poorly on your strangely shaped body.
Your body sometimes deteriorates upon taking damage.
You are frail. (-10% HP)
You have an increased reservoir of magic. (+10% MP)
You are strong-willed. (Will+)
You passively map a small area around you.
Your natural rate of healing is unusually fast.
Your spells are a little easier to cast, but a little less powerful.
Your health recovers twice as slowly from being drained.


Message History

There is an escape hatch in the ceiling here.
A mysterious force pulls you upwards. The hatch slams shut behind you.
You see here a +0 spear.
There is a stone staircase leading up here.
You fly upwards.
There is a stone staircase leading down here.
A chaos spawn comes into view.
You can't go up here!
The chaos spawn moves out of view.
There is a stone staircase leading up, spattered with blood here.
You fly upwards.
There is a stone staircase leading down here.
There is an open door here.
A sun demon comes into view.
There is a stone staircase leading up here.
You fly upwards.
There is a stone staircase leading down here.
There is an escape hatch in the ceiling here.
A mysterious force pulls you upwards. The hatch slams shut behind you.
A Tzitzimitl comes into view.
You block the Tzitzimitl's attack.
The Tzitzimitl bites you but does no damage.
You slash the Tzitzimitl!
The Tzitzimitl convulses!!
The Tzitzimitl is moderately wounded.
You hit the Tzitzimitl.
The Tzitzimitl convulses.
The Tzitzimitl is heavily wounded.
The Tzitzimitl engulfs you but does no damage.
The Tzitzimitl bites you but does no damage.
You open the Tzitzimitl like a pillowcase!!!
The Tzitzimitl convulses!!!
You kill the Tzitzimitl!
The Shining One accepts your kill.
No target in view!
There is a stone staircase leading up here.
You fly upwards.
There is a stone staircase leading down here.
There is an open door here.
You see here 4 stones.
There is a staircase leading out of the dungeon here.
You have escaped!

.....#..(.##...##...#
###..#
+#####.####.....#####
#...##
.......##'.......'## #.###
.#######.##.....##.# #.#
.......##.##...##.## #.#
#......###'##.##'## #.#
##.....###.##.##.## #.#
#...[.##...#'#...#######.#
##....#....'.'.@(.'..##^.#
#..[.##...###...###....##
####.###.## ##.####..###
##.####### ### #..##
#........#### #.##
#...####....# #.# #...#
####.####.#
#...#######......#
#.........####>.##


There were no monsters in sight!

Vanquished Creatures
  Antaeus (Coc:7)
  the Royal Jelly (Slime:5)
  6 pandemonium lords
  Ereshkigal (Tar:7)
  Lom Lobon (Pan)
  Mnoleg (Pan)
  5 dread liches
  3 orbs of fire (Zot:5)
  8 ancient liches
  Mara (Depths:1)
  3 juggernauts
  Josephina (Crypt:2)
  28 royal mummies
  15 shard shrikes
  A Killer Klown (Zot:5)
  5 curse toes
  8 golden dragons
  5 caustic shrikes
  Geryon (Hell)
  the Enchantress (Depths:3)
  5 profane servitors
  23 Tzitzimimeh
  35 bone dragons
  18 doom hounds
  4 electric golems
  10 Brimstone Fiends
  2 iron giants
  Zenata (Elf:1)
  25 Ice Fiends
  12 tentacled monstrosities
  10 hellephants
  Jorgrun (Orc:2)
  11 Hell Sentinels
  Mlioglotl (Snake:3)
  13 liches
  26 searing wretches
  A shard shrike skeleton (Hell)
  15 tainted leviathans
  A walking earthen tome (Depths:3)
  Asterion (Vaults:3)
  23 Orb Guardians (Zot:5)
  Murray (Depths:1)
  13 titans
  3 quicksilver dragons
  3 deep elf blademasters
  2 deep elf master archers (Elf:3)
  14 sphinxes
  A walking frostbound tome (Depths:3)
  17 Executioners
  23 acid blobs
  22 tentacled starspawn
  An eldritch tentacle (Pan)
  9 ancient champions
  11 death cobs
  9 storm dragons
  2 thorn hunters (Swamp:4)
  Aizul (Snake:3)
  10 tengu reavers
  8 nagarajas
  9 shadow dragons
  A fenstrider witch (Swamp:1)
  Agnes (Snake:3)
  17 fire giants
  5 draconian knights
  9 draconian monks
  13 rockslimes
  11 demonspawn warmongers (Pan)
  10 protean progenitors
  3 revenants
  A daeva (Abyss:3)
  15 narguns
  11 frost giants
  8 azure jellies
  13 draconian scorchers
  3 quicksilver elementals
  45 balrugs
  7 deep elf sorcerers
  3 iron dragons
  A juggernaut zombie (Tomb:2)
  18 vault wardens
  3 spectral juggernauts
  13 ghost moths
  8 draconian shifters
  3 curse skulls
  A caustic shrike zombie (Abyss:3)
  10 demonspawn blood saints (Pan)
  6 draconian stormcallers
  3 deep elf elementalists (Elf:3)
  6 spectral caustic shrikes
  12 draconian annihilators
  A demonspawn corrupter (Pan)
  7 shard shrike simulacra
  3 ironbound thunderhulks (Vaults:1)
  12 quicksilver oozes
  13 reapers
  2 broodmothers (Pan)
  3 juggernaut skeletons
  13 formless jellyfish
  An orc warlord (Elf:1)
  15 cacodemons
  40 stone giants
  11 ironbound preservers
  6 spriggan defenders
  A caustic shrike skeleton (Abyss:3)
  2 eleionomae (Swamp:4)
  7 ghouls
  A broodmother (shapeshifter) (Abyss:3)
  8 vampire knights
  15 black draconians
  A starflower (Abyss:3)
  43 very ugly things
  27 elemental wellsprings
  17 dire elephants
  2 spectral hellephants (Crypt:1)
  10 demonspawn black suns (Pan)
  7 lorocyprocas
  10 putrid mouths
  5 deep elf death magi
  5 deep elf demonologists
  6 war gargoyles
  A spectral titan (Tar:5)
  16 purple draconians
  9 spark wasps
  15 green draconians
  2 bennus (Tomb:1)
  10 deep elf annihilators
  2 minotaurs
  17 wendigos
  10 iron golems
  27 red draconians
  14 ettins
  10 white draconians
  7 bunyips
  23 yellow draconians
  15 green deaths
  20 eidola
  4 crystal guardians
  2 spectral elves (Crypt:1)
  A spectral quicksilver dragon (Tar:1)
  23 blizzard demons
  A merfolk javelineer (Depths:2)
  6 fire dragons
  A merfolk impaler (Depths:2)
  25 mummy priests
  A spectral golden dragon (Tar:5)
  An entropy weaver (shapeshifter) (D:13)
  2 shambling mangroves (Swamp:4)
  6 jiangshi (Crypt:1)
  5 spectral spriggans
  4 spriggan zombies
  6 deep elf high priests
  12 great orbs of eyes
  9 caustic shrike simulacra
  13 yaktaur captains
  12 salamander tyrants
  35 vault guards
  10 spriggan air magi
  21 hydras
  A jorogumo (Pan)
  A peacekeeper (Vaults:2)
  Fannar (Lair:1)
  2 juggernaut simulacra
  A spectral shadow dragon (Crypt:1)
  9 ice dragons
  2 ogre magi
  3 catoblepae
  A spriggan skeleton (Crypt:3)
  A ghost crab (Swamp:3)
  16 rakshasas
  14 anacondas
  Erolcha (D:12)
  8 ironbound frosthearts
  A radroach (shapeshifter) (Vaults:4)
  5 hell beasts (Pan)
  7 boulder beetles
  8 centaur warriors
  A death knight (Abyss:2)
  2 demonspawn (Orc:2)
  12 naga warriors
  8 alligators
  3 merfolk aquamancers (Pan)
  17 two-headed ogres
  84 death scarabs
  The ghost of puimuR the Cleaver, a journeyman GrRe of the Shining One (D:13)
  19 stokers
  27 dancing weapons
  8 tengu warriors
  7 demonic crawlers
  43 hell hogs
  A bennu skeleton (Crypt:2)
  A spectral naga (Tar:4)
  5 deep troll shamans
  6 orc high priests (Orc:2)
  6 spriggan berserkers
  3 deep troll earth magi
  18 naga sharpshooters
  25 thrashing horrors
  27 death yaks
  7 shock serpents
  3 spectral dire elephants
  6 vampire magi
  Urug (Lair:1)
  17 soul eaters
  Sonja (D:12)
  An occultist (Depths:3)
  3 crystal echidnas
  3 titan zombies
  5 shadow wraiths
  2 titan skeletons
  23 deep elf knights
  19 sixfirhies
  15 iron trolls
  64 sun demons
  14 wretched stars
  17 hell knights
  33 skeletal warriors
  A hellephant skeleton (Pan)
  50 deep trolls
  An anaconda zombie (Tomb:3)
  35 large abominations
  A death drake (shapeshifter) (Vaults:5)
  8 spatial maelstroms (Abyss:3)
  A glowing orange brain (shapeshifter) (Depths:3)
  2 skysharks
  5 spriggan druids
  7 quicksilver dragon simulacra
  A cherub (Pan)
  A golden dragon zombie (Crypt:3)
  6 salamander mystics (Snake:4)
  2 spectral anacondas
  4 bog bodies
  6 glowing orange brains
  10 shadow demons
  9 sun moths (Pan)
  A tengu zombie (Depths:3)
  6 naga ritualists
  16 phantasmal warriors
  2 spectral hydras
  5 swamp dragons
  14 flayed ghosts
  10 mana vipers
  6 goliath frogs
  16 ironbound convokers
  9 lindwurms
  10 arcanists
  2 anaconda skeletons (Crypt:3)
  A bunyip skeleton (Crypt:1)
  A broodmother zombie (Crypt:2)
  23 deep elf pyromancers
  29 deep elf zephyrmancers
  18 necromancers
  8 deep elf archers
  6 lightning spires
  An iron giant skeleton (Crypt:1)
  6 harpies
  A fenstrider witch simulacrum (Coc:2)
  13 orc knights
  2 spectral ettins (Tar:6)
  A wolf spider (shapeshifter) (Depths:1)
  3 will-o-the-wisps
  4 shining eyes
  3 fauns (Zot:3)
  A shining eye (shapeshifter) (Depths:3)
  3 oklob plants (Swamp:4)
  11 orc sorcerers
  A stone giant zombie (Hell)
  37 ugly things
  5 manticores
  33 cyclopes
  20 salamanders
  32 moths of wrath
  6 apocalypse crabs
  2 worldbinders (Abyss:3)
  A toenail golem (D:15)
  3 ice statues
  A dire elephant zombie (Crypt:1)
  6 titan simulacra
  5 torpor snails
  21 vault sentinels
  2 centaur zombies (D:15)
  A naga zombie (Tomb:1)
  3 rust devils
  43 black mambas
  17 naga magi
  9 elephants
  9 guardian serpents
  4 eyes of devastation
  54 smoke demons
  3 centaur skeletons
  4 kobold demonologists (D:12)
  20 orange demons
  23 cane toads
  3 gargoyles
  15 komodo dragons
  6 rime drakes
  21 hellions
  8 unseen horrors
  A yellow draconian zombie (Crypt:1)
  A grey draconian skeleton (Crypt:1)
  A dire elephant skeleton (Abyss:2)
  10 freezing wraiths
  An alligator snapping turtle skeleton (Crypt:1)
  A golden dragon simulacrum (Coc:4)
  25 tormentors
  5 anaconda simulacra
  3 ice devils
  3 silent spectres
  4 tengu conjurers
  9 efreet
  34 yaktaurs
  Psyche (D:11)
  16 ancient zymes
  43 guardian mummies
  3 spectral harpies
  5 red devils (Pan)
  4 hydra zombies (Swamp:4)
  2 harpy zombies (Crypt:1)
  19 hornets
  15 trolls
  10 tyrant leeches
  14 polar bears
  2 bloated husks
  A queen bee (Gauntlet)
  An ettin zombie (Abyss:3)
  35 hellwings
  18 blink frogs
  A merfolk zombie (Tomb:1)
  2 harpy skeletons (Crypt:3)
  2 iron dragon simulacra
  2 hydra skeletons (Swamp:4)
  2 snapping turtles (Zot:4)
  A boulder beetle zombie (Crypt:2)
  A stone giant simulacrum (Coc:1)
  7 glass eyes
  25 raiju
  A draconian simulacrum (Crypt:2)
  4 dream sheep (Lair:3)
  A hornet (shapeshifter) (D:12)
  2 raiju (shapeshifter) (Abyss:3)
  9 air elementals
  97 slime creatures
  2 centaur simulacra
  Sigmund (D:6)
  A slime creature (shapeshifter) (Vaults:5)
  2 spriggans (shapeshifter)
  A culicivora (shapeshifter) (Depths:3)
  12 wraiths
  9 water elementals
  7 vampires
  16 spriggans
  5 fire bats
  2 shadows (D:11)
  2 fire elementals
  A human (D:14)
  27 ynoxinuls
  6 dire elephant simulacra
  4 wyverns
  38 yaks
  A warg (Orc:2)
  3 alligator snapping turtle simulacra (Coc:3)
  11 ushabtiu
  A redback (shapeshifter) (Vaults:5)
  26 starcursed masses
  2 steam dragons
  18 neqoxecs
  20 golden eyes
  Menkaure (D:3)
  20 chaos spawn
  25 vampire mosquitoes
  3 basilisks
  53 nagas
  A faun zombie (Crypt:2)
  10 harpy simulacra
  7 spatial vortices (Abyss:3)
  14 swamp worms
  3 acid dragons
  7 hydra simulacra
  7 water moccasins
  7 hell hounds
  A demonspawn skeleton (Crypt:3)
  6 swamp drakes
  A deep troll skeleton (Crypt:2)
  A sky beast (D:7)
  12 black bears
  A meliai simulacrum (D:15)
  41 orc warriors
  3 ice beasts
  53 laughing skulls
  6 ettin simulacra
  A fire dragon simulacrum (Coc:1)
  15 ogres
  A boggart (shapeshifter) (Abyss:3)
  A boggart (Abyss:3)
  2 swamp dragon zombies (Swamp:4)
  10 centaurs
  21 wolves
  A manticore skeleton (Crypt:2)
  4 kobold brigands
  11 brain worms
  4 earth elementals
  5 weeping skulls
  26 small abominations
  11 bullfrogs
  8 gnoll sergeants
  A naga simulacrum (Coc:6)
  12 wights
  2 two-headed ogre simulacra (D:13)
  A yaktaur skeleton (Crypt:1)
  5 scorpions
  5 necrophages
  18 killer bees
  8 lindwurm simulacra (IceCv)
  3 electric eels
  5 howler monkeys
  3 quasits
  2 crimson imps (Abyss:3)
  A human zombie (Crypt:1)
  4 komodo dragon simulacra (IceCv)
  A bullfrog zombie (Crypt:1)
  4 hounds
  3 iron imps
  3 jellies
  32 orc priests
  5 gnoll boudas (Bailey)
  3 human skeletons
  A sleepcap (D:6)
  Jessica (D:3)
  3 iguanas
  22 orc wizards
  11 spriggan simulacra
  A troll simulacrum (D:13)
  A wolf simulacrum (D:13)
  39 mummies
  Robin (D:3)
  20 gnolls
  2 swamp drake zombies (Swamp:4)
  7 acid dragon simulacra (IceCv)
  6 adders
  6 river rats (Sewer)
  2 shadow imps (D:3)
  4 white imps
  8 ufetubi
  2 steam dragon simulacra (IceCv)
  An adder zombie (D:3)
  An iguana skeleton (Crypt:1)
  2 ribbon worms
  2 dart slugs
  77 orcs
  5 ball pythons
  2 endoplasms (D:1)
  3 giant cockroaches
  16 goblins
  12 hobgoblins
  6 jackals
  5 quokkas
  A ball python zombie (Crypt:2)
  7 frilled lizards
  A gnoll skeleton (Crypt:2)
  25 kobolds
  10 rats
  3 aspiring fleshes
  4 ball lightnings (Pan)
  4 creeping infernos
  8 fire vortices
  2 spectral weapons
  21 starspawn tentacles
4427 creatures vanquished.

Vanquished Creatures (collateral kills)
  Cerebov (Pan)
  Asmodeus (Geh:7)
  Gloorx Vloq (Pan)
  Khufu (Tomb:3)
  An orb of fire (Zot:5)
  2 royal mummies
  A Killer Klown (Zot:5)
  A doom hound (Tar:7)
  2 Tzitzimimeh (Tar:7)
  An Ice Fiend (Coc:7)
  An Orb Guardian (Zot:5)
  An acid blob (Slime:5)
  2 Executioners (Pan)
  An ancient champion (Tomb:3)
  A demonspawn warmonger (Pan)
  An azure jelly (Slime:5)
  A rockslime (Slime:5)
  2 fire giants (Vaults:1)
  A vault warden (Vaults:4)
  2 ironbound preservers
  A reaper (Pan)
  A caustic shrike skeleton (Pan)
  A very ugly thing (Pan)
  2 deep elf annihilators
  A demonspawn black sun (Pan)
  A red draconian (Zot:4)
  A yellow draconian (Zot:5)
  2 mummy priests
  2 deep elf high priests (Elf:3)
  A yaktaur captain (Vaults:1)
  A rakshasa (Depths:1)
  A vault guard (Vaults:4)
  An ironbound frostheart (Vaults:1)
  10 death scarabs
  A centaur warrior (Vaults:4)
  A dancing weapon (Elf:3)
  3 soul eaters (Pan)
  4 sun demons (Pan)
  2 hellephant skeletons (Pan)
  An orb spider (shapeshifter) (Elf:3)
  A spriggan druid (Swamp:4)
  2 lindwurms (Vaults:4)
  A deep elf archer (Elf:3)
  A deep elf zephyrmancer (Elf:3)
  2 vault sentinels (Vaults:1)
  An alligator snapping turtle zombie (Tomb:3)
  3 yaktaurs (Vaults:4)
  2 efreet (Pan)
  8 guardian mummies
  A jumping spider (shapeshifter) (Elf:3)
  An ushabti (Tomb:3)
  A redback (shapeshifter) (Vaults:5)
  A swamp drake (Swamp:4)
  7 mummies (Tomb:2)
  2 ball lightnings (Pan)
97 creatures vanquished.

Vanquished Creatures (others)
  An Orb Guardian (Zot:5)
  An ancient champion (Tomb:3)
  A shard shrike simulacrum (Coc:7)
  A frost giant (Coc:4)
  3 draconian annihilators (Pan)
  A demonspawn blood saint (Pan)
  A very ugly thing (Zot:3)
  2 black draconians (Zot:2)
  2 wendigos (Coc:6)
  A green draconian (Zot:3)
  A green death (Pan)
  A rakshasa (Pan)
  A caustic shrike simulacrum (Coc:6)
  A juggernaut simulacrum (Coc:6)
  3 death scarabs (Tomb:3)
  A dancing weapon (Crypt:3)
  A quicksilver dragon simulacrum (Coc:2)
  2 spriggan simulacra
  A large abomination (Pan)
  3 titan simulacra
  A tormentor (Geh:2)
  A hellion (Pan)
  2 guardian mummies (Tomb:3)
  2 bloated husks
  A ynoxinul (Pan)
  A dire elephant simulacrum (Coc:6)
  A naga simulacrum (Crypt:2)
  A wraith (D:12)
  2 harpy simulacra
  A hell hound (Hell)
  An ettin simulacrum (Coc:6)
  A boggart (D:12)
  An orc priest (D:13)
  An orc wizard (Orc:2)
  15 ball lightnings (Pan)
  4 creeping infernos
  A fire vortex (Geh:4)
  10 foxfires
  5 lurking horrors
  38 starspawn tentacles
119 creatures vanquished.

Grand Total: 4643 creatures vanquished

Notes
Turn   | Place    | Note
-------+----------+-------------------------------------------
     0 | D:1      | Kenran the Gargoyle Fighter began the quest for the Orb.
     0 | D:1      | Reached XP level 1. HP: 14/14 MP: 1/1
   163 | D:1      | Reached XP level 2. HP: 18/19 MP: 2/2
   626 | D:1      | Reached XP level 3. HP: 23/23 MP: 3/3
   669 | D:2      | Found Dyodijub's Weapon Shoppe.
  1053 | D:2      | Reached XP level 4. HP: 15/28 MP: 4/4
  1408 | D:2      | Found a faded altar of an unknown god.
  1630 | D:3      | Found a glowing drain.
  1714 | Sewer    | Entered a sewer
  1753 | Sewer    | Reached XP level 5. HP: 32/32 MP: 5/5
  1795 | Sewer    | Reached skill level 5 in Axes
  1885 | Sewer    | Reached XP level 6. HP: 37/37 MP: 6/6
  2338 | D:3      | Found an ancient bone altar of Kikubaaqudgha.
  2342 | D:3      | Noticed Menkaure
  2348 | D:3      | Found a basalt altar of Yredelemnul.
  2352 | D:3      | Found a transporter.
  2424 | D:3      | Found a transporter.
  2458 | D:3      | Noticed Jessica
  2468 | D:3      | Killed Jessica
  2697 | D:3      | Noticed Robin
  2709 | D:3      | Killed Robin
  3150 | D:4      | Reached XP level 7. HP: 41/41 MP: 7/7
  3975 | D:5      | Entered Level 5 of the Dungeon
  3992 | D:5      | Found an ornate altar of the Wu Jian Council.
  4015 | D:5      | Found a staircase to the Ecumenical Temple.
  4025 | Temple   | Entered the Ecumenical Temple
  4030 | Temple   | Became a worshipper of Trog the Wrathful
  4160 | D:5      | Reached XP level 8. HP: 39/46 MP: 8/8
  4272 | D:5      | Found a burning altar of Makhleb.
  4276 | D:5      | Found an opulent altar of Gozag.
  4276 | D:5      | Found a sparkling altar of Nemelex Xobeh.
  4351 | D:5      | Found a white marble altar of Elyvilon.
  4530 | D:6      | Noticed Sigmund
  4536 | D:6      | Killed Sigmund
  4811 | D:6      | Reached skill level 10 in Axes
  5027 | D:7      | Reached skill level 1 in Evocations
  5034 | D:7      | Reached XP level 9. HP: 50/52 MP: 9/9
  5050 | D:7      | Found Yroopeh's Book Shoppe.
  5101 | D:7      | Reached * piety under Trog
  5165 | D:7      | Noticed a komodo dragon
  5214 | D:7      | Found Lyamasm's Book Boutique.
  5418 | D:7      | Reached skill level 5 in Fighting
  5418 | D:7      | Reached skill level 5 in Armour
  5688 | D:8      | Noticed a two-headed ogre
  5714 | D:8      | Killed a two-headed ogre
  5715 | D:8      | Reached XP level 10. HP: 30/60 MP: 5/10
  5961 | D:8      | Identified the +0 robe of Viky {Archmagi}
  6360 | D:8      | Identified a scroll of acquirement
  6361 | D:8      | Acquired a manual of Axes
  6458 | D:7      | Found Cop Cum's Antique Armour Shop.
  6462 | D:7      | Bought a glowing scarf for 192 gold pieces
  6688 | D:9      | Reached ** piety under Trog
  7349 | D:10     | Entered Level 10 of the Dungeon
  7413 | D:10     | Found a flagged portal.
  7425 | Bailey   | Entered a bailey
  7660 | Bailey   | Reached *** piety under Trog
  7936 | Bailey   | Identified the +7 trident of Giamar {drain, Int+5}
  7937 | Bailey   | Identified the +3 broad axe of the Volcano {freeze, rC+
                  | Str+5}
  8143 | D:10     | Noticed an orange crystal statue
  8207 | D:10     | Found a staircase to the Orcish Mines.
  8224 | D:10     | Reached XP level 11. HP: 49/67 MP: 11/11
  8368 | D:10     | Noticed an obsidian statue
  8975 | D:11     | Noticed Psyche
  9024 | D:11     | Killed Psyche
  9190 | D:11     | Noticed a centaur warrior
  9197 | D:11     | Noticed a boulder beetle
  9203 | D:11     | Noticed a manticore
  9207 | D:11     | Killed a centaur warrior
  9210 | D:11     | Noticed a manticore
  9218 | D:11     | Noticed a cyclops
  9228 | D:11     | Killed a manticore
  9229 | D:11     | Reached skill level 15 in Axes
  9405 | D:11     | Reached **** piety under Trog
  9472 | D:11     | Found a staircase to the Lair.
  9537 | D:11     | Killed a manticore
  9755 | D:11     | Killed a cyclops
  9756 | D:11     | Reached XP level 12. HP: 48/76 MP: 12/12
  9782 | D:11     | Killed a boulder beetle
  9875 | Lair:1   | Entered Level 1 of the Lair of Beasts
  9919 | Lair:1   | Noticed Urug
  9930 | Lair:1   | Killed Urug
  9931 | Lair:1   | Reached skill level 10 in Armour
 10040 | Lair:1   | Reached skill level 10 in Fighting
 10156 | Lair:1   | Noticed a death yak
 10156 | Lair:1   | Noticed a death yak
 10156 | Lair:1   | Noticed a death yak
 10156 | Lair:1   | Noticed a death yak
 10159 | Lair:1   | Noticed a death yak
 10159 | Lair:1   | Noticed a death yak
 10237 | Lair:2   | Noticed a catoblepas
 10257 | Lair:2   | Killed a catoblepas
 10321 | Lair:2   | Found a staircase to the Swamp.
 10355 | Lair:2   | Noticed an eight-headed hydra
 10366 | Lair:2   | Killed an eight-headed hydra
 10421 | Lair:2   | Identified the +7 dagger "Beastbane" {spect, Str+2}
 10486 | Lair:2   | Found a staircase to the Snake Pit.
 10677 | Lair:2   | Reached ***** piety under Trog
 10700 | Lair:2   | Noticed a seven-headed hydra
 10712 | Lair:2   | Killed a seven-headed hydra
 10713 | Lair:2   | Reached XP level 13. HP: 66/84 MP: 13/13
 10840 | Lair:1   | Reached skill level 5 in Evocations
 10872 | Lair:1   | Noticed Fannar
 11315 | Lair:1   | Killed Fannar
 12158 | Lair:3   | Received a gift from Trog
 12775 | Lair:4   | Gained mutation: Your large and strong wings let you fly.
                  | [Gargoyle growth]
 12775 | Lair:4   | Reached XP level 14. HP: 56/92 MP: 14/14
 12886 | Lair:4   | Reached skill level 5 in Shields
 13011 | Lair:4   | Found a staircase to the Slime Pits.
 13042 | Lair:4   | Identified the +2 plate armour "Juanocw" {rN+}
 13367 | Lair:4   | Identified the +7 long sword of Heunnuff {protect, rElec
                  | rC- SInv Stlth+}
 13477 | Lair:5   | Entered Level 5 of the Lair of Beasts
 13837 | Lair:5   | Reached XP level 15. HP: 74/101 MP: 15/15
 13921 | Lair:5   | Received a gift from Trog
 13923 | Lair:5   | Reached ****** piety under Trog
 14129 | Lair:5   | Reached skill level 15 in Fighting
 14759 | D:12     | Noticed Sonja
 14760 | D:12     | Killed Sonja
 15028 | D:12     | Received a gift from Trog
 15238 | D:12     | Identified the +5 ring mail "Saup Tir" {+Blink rC+ Dex-5}
 15596 | D:12     | Reached XP level 16. HP: 102/112 MP: 16/16
 15982 | D:13     | Found a runed translucent door.
 16007 | D:13     | Found a runed translucent door.
 16011 | D:13     | Noticed a lich
 16013 | D:13     | Found a frozen archway.
 16044 | IceCv    | Entered an ice cave
 16412 | IceCv    | Identified the ring of Mitumunyis {rElec Str+6 Int+3 Dex-4}
 16675 | D:13     | Noticed puimuR's ghost (journeyman GrRe)
 16730 | D:13     | Received a gift from Trog
 17001 | D:13     | Found a portal to a secret trove of treasure.
 17212 | D:13     | Found a shimmering blue altar of Sif Muna.
 17683 | D:12     | Noticed Erolcha
 17699 | D:12     | Killed Erolcha
 18143 | D:14     | Found a gate leading to a gauntlet.
 18187 | Gauntlet | Entered a Gauntlet
 18187 | Gauntlet | Found a transporter.
 18187 | Gauntlet | Found a transporter.
 18188 | Gauntlet | Found a transporter.
 18192 | Gauntlet | Found a transporter.
 18206 | Gauntlet | Found a transporter.
 18207 | Gauntlet | Found a transporter.
 18208 | Gauntlet | Found a large runed translucent door.
 18209 | Gauntlet | Found a large runed translucent door.
 18210 | Gauntlet | Found a large runed translucent door.
 18210 | Gauntlet | Found a large runed translucent door.
 18210 | Gauntlet | Found a runed translucent door.
 18210 | Gauntlet | Found a runed translucent door.
 18211 | Gauntlet | Found a large runed translucent door.
 18212 | Gauntlet | Found a large runed translucent door.
 18213 | Gauntlet | Found a large runed translucent door.
 18213 | Gauntlet | Found a large runed translucent door.
 18214 | Gauntlet | Found a runed translucent gate.
 18214 | Gauntlet | Found a runed translucent gate.
 18214 | Gauntlet | Found a runed translucent gate.
 18216 | Gauntlet | Found a transporter.
 18227 | Gauntlet | Found a large runed translucent door.
 18228 | Gauntlet | Found a large runed translucent door.
 18229 | Gauntlet | Found a large runed translucent door.
 18236 | Gauntlet | Found a large runed translucent door.
 18238 | Gauntlet | Found a large runed translucent door.
 18238 | Gauntlet | Found a large runed translucent door.
 18239 | Gauntlet | Found a large runed translucent door.
 18240 | Gauntlet | Found a large runed translucent door.
 18304 | Gauntlet | Found a transporter.
 18308 | Gauntlet | Found a transporter.
 18318 | Gauntlet | Found a transporter.
 18322 | Gauntlet | Found a transporter.
 18510 | Gauntlet | Found a transporter.
 18510 | Gauntlet | Identified the staff of Mafa {+Blink Conj}
 18933 | D:14     | Found a gate to the Vaults.
 19387 | Orc:1    | Entered Level 1 of the Orcish Mines
 19410 | Orc:1    | Reached skill level 15 in Armour
 19748 | Orc:2    | Entered Level 2 of the Orcish Mines
 19803 | Orc:2    | Identified the +2 broad axe "Nasuleyfua" {flame, rPois rC-
                  | rCorr Str+4} (Trog gifted it to you on level 2 of the
                  | Orcish Mines)
 19803 | Orc:2    | Received a gift from Trog
 19838 | Orc:2    | Found a staircase to the Elven Halls.
 20231 | Orc:2    | Found Doahi's General Store.
 20234 | Orc:2    | Found Qelorr's Distillery.
 20458 | Orc:2    | Received a gift from Trog
 20498 | Orc:2    | Paralysed by an orc sorcerer for 2 turns
 20524 | Orc:2    | Found Vomiduil's Antique Armour Boutique.
 20524 | Orc:2    | Found a one-way gate leading to the halls of Pandemonium.
 20524 | Orc:2    | Found Aliet's Jewellery Shop.
 20543 | Orc:2    | Bought the amulet of Xom's Passing Interest {Will+ Regen+
                  | Str+3 Stlth-} for 855 gold pieces
 20579 | Orc:2    | Bought a potion of cancellation for 104 gold pieces
 20579 | Orc:2    | Bought a potion of heal wounds for 65 gold pieces
 20579 | Orc:2    | Bought a potion of heal wounds for 65 gold pieces
 20579 | Orc:2    | Bought a potion of might for 52 gold pieces
 20579 | Orc:2    | Bought a potion of curing for 39 gold pieces
 20581 | Orc:2    | Bought a potion of curing for 33 gold pieces
 20666 | Orc:2    | Noticed Jorgrun
 20675 | Orc:2    | Killed Jorgrun
 20833 | Orc:1    | Reached XP level 17. HP: 89/119 MP: 17/17
 21416 | Snake:1  | Entered Level 1 of the Snake Pit
 21741 | Snake:1  | Found Bion's Magic Scroll Shoppe.
 21754 | Snake:1  | Found Dusaoth's Jewellery Emporium.
 21756 | Snake:1  | Found Geotwexu's Magic Scroll Shoppe.
 21761 | Snake:1  | Bought a scroll of identify for 32 gold pieces
 21761 | Snake:1  | Bought a scroll of identify for 32 gold pieces
 21761 | Snake:1  | Bought a scroll of enchant armour for 120 gold pieces
 21761 | Snake:1  | Bought a scroll of fear for 64 gold pieces
 21768 | Snake:1  | Bought a scroll of blinking for 112 gold pieces
 21768 | Snake:1  | Bought a scroll of brand weapon for 142 gold pieces
 21768 | Snake:1  | Bought a scroll of enchant weapon for 112 gold pieces
 21768 | Snake:1  | Bought a scroll of identify for 30 gold pieces
 22118 | Snake:2  | Received a gift from Trog
 23197 | Snake:3  | Noticed Agnes
 23214 | Snake:3  | Killed Agnes
 23281 | Snake:3  | Noticed Mlioglotl
 23302 | Snake:3  | Killed Mlioglotl
 23303 | Snake:3  | Reached skill level 10 in Evocations
 23508 | Snake:3  | Found Vamump's Antique Weapon Boutique.
 23545 | Snake:3  | Received a gift from Trog
 23581 | Snake:3  | Identified the serpent talisman of Plog {rC+ Int-4 Dex+4}
 23581 | Snake:3  | Noticed Aizul
 23600 | Snake:3  | Killed Aizul
 23731 | Snake:3  | Identified the +2 scale mail of Perpetual Drought {rN++}
 23776 | Snake:3  | Reached XP level 18. HP: 128/128 MP: 18/18
 24107 | Snake:4  | Entered Level 4 of the Snake Pit
 24673 | Snake:4  | Received a gift from Trog
 24954 | Snake:4  | Got a serpentine rune of Zot
 25624 | Swamp:1  | Entered Level 1 of the Swamp
 26846 | Swamp:3  | Reached XP level 19. HP: 113/135 MP: 19/19
 27016 | Swamp:3  | Received a gift from Trog
 27270 | Swamp:4  | Entered Level 4 of the Swamp
 27907 | Swamp:4  | Received a gift from Trog
 28150 | Swamp:4  | Found a blossoming altar of Fedhas.
 28237 | Swamp:4  | Found a basalt altar of Yredelemnul.
 28407 | Swamp:4  | Got a decaying rune of Zot
 28695 | Vaults:1 | Entered Level 1 of the Vaults
 29507 | Vaults:1 | Reached XP level 20. HP: 134/140 MP: 20/20
 29551 | Vaults:1 | Received a gift from Trog
 30656 | Vaults:2 | Identified the +4 battleaxe of Weak Melee {flame, Dex+3}
                  | (Trog gifted it to you on level 2 of the Vaults)
 30656 | Vaults:2 | Received a gift from Trog
 31459 | Vaults:3 | Reached skill level 10 in Shields
 31641 | Vaults:3 | Found a staircase to the Crypt.
 31641 | Vaults:3 | Found an ancient bone altar of Kikubaaqudgha.
 31641 | Vaults:3 | Found a basalt altar of Yredelemnul.
 31641 | Vaults:3 | Noticed Asterion
 31659 | Vaults:3 | Killed Asterion
 32083 | Vaults:3 | Reached XP level 21. HP: 142/146 MP: 21/21
 32097 | Vaults:3 | Found a runed translucent gate.
 32097 | Vaults:3 | Noticed mantisjm's ghost (veteran HOFi)
 32098 | Vaults:3 | Found a runed translucent gate.
 32098 | Vaults:3 | Found a runed translucent gate.
 33230 | D:3      | Found a basalt altar of Yredelemnul.
 33236 | D:3      | Found an ancient bone altar of Kikubaaqudgha.
 33237 | D:3      | Found a transporter.
 33348 | D:3      | Found a transporter.
 33701 | D:3      | Killed Menkaure
 34214 | Vaults:4 | Received a gift from Trog
 34765 | Vaults:4 | Identified the +8 long sword "Fopitimm" {flame, rC++} (Trog
                  | gifted it to you on level 4 of the Vaults)
 34765 | Vaults:4 | Received a gift from Trog
 35133 | Vaults:4 | Identified the +6 hand axe of the Twelve Violins {protect,
                  | rF+ Will+}
 35652 | D:15     | Entered Level 15 of the Dungeon
 35718 | D:15     | Found a staircase to the Depths.
 36843 | Depths:1 | Entered Level 1 of the Depths
 37528 | Depths:1 | Received a gift from Trog
 37727 | Depths:1 | Found a glowing golden altar of the Shining One.
 38025 | Depths:1 | Reached XP level 22. HP: 140/156 MP: 22/22
 38040 | Depths:1 | Noticed Mara
 38057 | Depths:1 | Killed Mara
 38087 | Depths:1 | Found a corrupted altar of Lugonu.
 38292 | Depths:1 | Found a one-way gate to the infinite horrors of the Abyss.
 38306 | Depths:1 | Found Vaufypt's Book Boutique.
 38306 | Depths:1 | Found Vytz's Jewellery Emporium.
 38307 | Depths:1 | Found Zihamot's Jewellery Emporium.
 38362 | Depths:1 | Found a gateway to Hell.
 39027 | Depths:2 | Reached skill level 15 in Shields
 39195 | Depths:2 | Found a viscous altar of Jiyva.
 39268 | Depths:2 | Found a sparkling altar of Nemelex Xobeh.
 39302 | Depths:2 | Found Aluu's Book Shoppe.
 39549 | Depths:2 | Received a gift from Trog
 39584 | Depths:2 | Found the amulet of Vitality {RegenMP++ Regen++}
 39982 | Depths:3 | Gained mutation: You have an increased reservoir of magic.
                  | (+10% MP) [a shining eye]
 40489 | Depths:3 | Found the +9 scales of the Dragon King {rPois rF+ rC+
                  | Will+}
 40609 | Depths:3 | Noticed a golden dragon
 40628 | Depths:3 | Killed a golden dragon
 40714 | Depths:3 | Noticed a caustic shrike
 40721 | Depths:3 | Killed a caustic shrike
 40742 | Depths:3 | Noticed a juggernaut
 40754 | Depths:3 | Killed a juggernaut
 40755 | Depths:3 | Identified the +0 great sword "Igok" {spect, *Noise rN+
                  | Int+5}
 40766 | Depths:3 | Reached XP level 23. HP: 130/164 MP: 25/25
 40905 | Depths:3 | Received a gift from Trog
 41018 | Depths:3 | Noticed the Enchantress
 41035 | Depths:3 | Killed the Enchantress
 41158 | Depths:4 | Entered Level 4 of the Depths
 41334 | Depths:4 | Found a one-way gateway to a ziggurat.
 41553 | Depths:4 | Found a gate to the Realm of Zot.
 41722 | Depths:4 | Noticed a juggernaut
 41743 | Depths:4 | Killed a juggernaut
 41897 | Depths:4 | Received a gift from Trog
 42055 | Depths:4 | Found Xienym's Book Shoppe.
 42060 | Depths:4 | Found Wageohia's Antique Weapon Emporium.
 42105 | Depths:4 | Identified the scarf of the Pleiades {+Inv, Stlth+}
 43062 | D:13     | Killed puimuR's ghost
 43320 | Orc:2    | Bought a glowing cloak for 217 gold pieces
 43718 | Vaults:5 | Entered Level 5 of the Vaults
 43730 | Vaults:5 | Noticed an ancient lich
 43848 | Vaults:4 | Killed an ancient lich
 44046 | Vaults:4 | Received a gift from Trog
 44181 | Vaults:4 | Reached XP level 24. HP: 169/176 MP: 25/25
 44300 | Vaults:5 | Identified the +5 ring mail of the Harvest {Fly rCorr Int-3
                  | Dex+3}
 44330 | Vaults:5 | Identified the +4 ring mail of the Gardener {rPois rF+
                  | Str-3 Int+4}
 44336 | Vaults:5 | Identified the +6 orcbow of Wacs {freeze, rElec Will+
                  | Stlth+}
 44550 | Vaults:5 | Noticed an ancient lich
 44570 | Vaults:5 | Killed an ancient lich
 44573 | Vaults:5 | Received a gift from Trog
 45026 | Vaults:5 | Got a silver rune of Zot
 45037 | Vaults:5 | Identified the +2 ring mail of Sif Muna's Esteem {rF+}
 45684 | Vaults:5 | Identified the +1 leather armour of Untruth {Int+3}
 45690 | Vaults:5 | Identified the ring of the Endless Expanse {Fly Int+8}
 45693 | Vaults:5 | Identified the +6 short sword "Letzounyesa" {drain, rElec
                  | Dex+5 SInv}
 45702 | Vaults:5 | Identified the amulet "Havetzim" {RegenMP rElec Stlth+}
 45709 | Vaults:5 | Identified the +9 rapier "Newtslayer" {spect, Int+3}
 46076 | Zot:1    | Entered Level 1 of the Realm of Zot
 46090 | Depths:4 | Identified the +3 broad axe "Ediy" {heavy, rElec rCorr
                  | Stlth+} (Trog gifted it to you on level 4 of the Depths)
 46090 | Depths:4 | Received a gift from Trog
 46989 | Zot:2    | Reached skill level 27 in Fighting
 47010 | Zot:2    | Reached XP level 25. HP: 174/187 MP: 25/25
 47061 | Zot:2    | Reached skill level 1 in Dodging
 47080 | Zot:2    | Received a gift from Trog
 47687 | Zot:2    | Reached skill level 5 in Dodging
 48168 | Zot:2    | Received a gift from Trog
 48585 | Zot:3    | Reached XP level 26. HP: 183/193 MP: 25/25
 48640 | Zot:3    | You are sucked into a shaft and drop 1 floor!
 49029 | Zot:3    | Found a runed translucent gate.
 49029 | Zot:3    | Found a runed translucent gate.
 49030 | Zot:3    | Found a runed translucent gate.
 49030 | Zot:3    | Noticed Alunk's ghost (legendary GnFi)
 49509 | Zot:3    | Found a viscous altar of Jiyva.
 49994 | Zot:4    | Reached skill level 10 in Dodging
 50637 | Depths:1 | Bought the ring "Lyasix" {Fly rPois rC+ Slay+3} for 966
                  | gold pieces
 50839 | Zot:5    | Entered Level 5 of the Realm of Zot
 51067 | Zot:4    | Reached skill level 15 in Evocations
 51187 | Zot:5    | Received a gift from Trog
 52544 | Zot:5    | Noticed a dread lich
 52558 | Zot:5    | Killed a dread lich
 52559 | Zot:5    | Noticed an orb of fire
 52559 | Zot:5    | Noticed a Killer Klown
 52560 | Zot:5    | Gained mutation: Your body sometimes deteriorates upon
                  | taking damage. [an orb of fire]
 52566 | Zot:5    | Gained mutation: You have hidden genetic defects. [an orb
                  | of fire]
 52570 | Zot:5    | Noticed an orb of fire
 52577 | Zot:5    | Gained mutation: You are vulnerable to cold. (rC-) [an orb
                  | of fire]
 52578 | Zot:5    | Noticed an orb of fire
 52580 | Zot:5    | Killed a Killer Klown
 52588 | Zot:5    | Killed an orb of fire
 52588 | Zot:5    | Gained mutation: Your spells are a little easier to cast,
                  | but a little less powerful. [an orb of fire]
 52591 | Zot:5    | Killed an orb of fire
 52596 | Zot:5    | Killed an orb of fire
 52700 | Zot:5    | Reached XP level 27. HP: 199/199 MP: 8/25
 52736 | Zot:5    | Gained mutation: You do not regenerate when monsters are
                  | visible. [hidden defects]
 52741 | Zot:5    | Lost mutation: You are vulnerable to cold. (rC-) [potion of
                  | mutation]
 52741 | Zot:5    | Lost mutation: Your spells are a little easier to cast, but
                  | a little less powerful. [potion of mutation]
 52741 | Zot:5    | Lost mutation: You have an increased reservoir of magic.
                  | (+10% MP) [potion of mutation]
 52741 | Zot:5    | Gained mutation: You have sharp toenails. [potion of
                  | mutation]
 52741 | Zot:5    | Gained mutation: You are clumsy. (Dex -2) [potion of
                  | mutation]
 52742 | Zot:5    | Lost mutation: Your body sometimes deteriorates upon taking
                  | damage. [potion of mutation]
 52742 | Zot:5    | Lost mutation: You have hidden genetic defects. [potion of
                  | mutation]
 52742 | Zot:5    | Gained mutation: You are covered in fur. (AC +1) [potion of
                  | mutation]
 52743 | Zot:5    | Lost mutation: You do not regenerate when monsters are
                  | visible. [potion of mutation]
 52743 | Zot:5    | Lost mutation: You have sharp toenails. [potion of
                  | mutation]
 52743 | Zot:5    | Lost mutation: You are covered in fur. (AC +1) [potion of
                  | mutation]
 52743 | Zot:5    | Gained mutation: You sometimes lose your temper in combat.
                  | [potion of mutation]
 52743 | Zot:5    | Gained mutation: You are somewhat resistant to further
                  | mutation. [potion of mutation]
 52937 | Zot:5    | Noticed a dread lich
 52954 | Zot:5    | Killed a dread lich
 53103 | Zot:5    | Noticed an orb of fire
 53489 | Slime:1  | Entered Level 1 of the Pits of Slime
 53693 | Slime:2  | Received a gift from Trog
 55103 | Slime:5  | Entered Level 5 of the Pits of Slime
 55628 | Slime:5  | Gained mutation: You are weak. (Str -2) [a shining eye]
 55646 | Slime:5  | Noticed the Royal Jelly
 55972 | Slime:5  | Found a viscous altar of Jiyva.
 56178 | Slime:5  | Found a viscous altar of Jiyva.
 56299 | Slime:5  | Killed the Royal Jelly
 56663 | Slime:5  | Identified the ring "Sotzofou" {rF+ Will+}
 56686 | Slime:5  | Identified the +5 mace of Articulation {venom, ^Fragile
                  | rCorr SInv}
 56687 | Slime:5  | Identified the +5 trident of Broken Luck {freeze, SInv}
 56697 | Slime:5  | Got a slimy rune of Zot
 56698 | Slime:5  | Identified the +7 dire flail of Res Ipsa Loquitur {holy,
                  | Str+2 Dex+3}
 56739 | Slime:5  | Identified the +7 scimitar of Extremism {flame, rF+ Will+
                  | Str+3}
 57101 | Depths:1 | Voluntarily entered the Abyss.
 57843 | Abyss:2  | Noticed an ancient lich
 57859 | Abyss:2  | Killed an ancient lich
 57931 | Abyss:2  | Received a gift from Trog
 58400 | Abyss:3  | Received a gift from Trog
 58459 | Abyss:3  | Found a stormy altar of Qazlal.
 58465 | Abyss:3  | Found a stormy altar of Qazlal.
 58513 | Abyss:3  | Noticed an ancient lich
 58518 | Abyss:3  | Found a radiant altar of Vehumet.
 58528 | Abyss:3  | Killed an ancient lich
 58626 | Abyss:3  | Found a corrupted altar of Lugonu.
 58882 | Abyss:3  | Received a gift from Trog
 58940 | Abyss:3  | Got an abyssal rune of Zot
 59076 | Depths:1 | Escaped the Abyss
 59129 | Depths:1 | Fell from the grace of Trog
 59129 | Depths:1 | Became a worshipper of the Shining One
 59358 | Crypt:1  | Entered Level 1 of the Crypt
 59387 | Crypt:1  | Reached * piety under the Shining One
 59463 | Crypt:1  | Reached skill level 1 in Invocations
 59525 | Crypt:1  | Reached ** piety under the Shining One
 59688 | Crypt:1  | Reached *** piety under the Shining One
 59701 | Crypt:1  | Reached skill level 5 in Invocations
 59817 | Crypt:1  | Reached **** piety under the Shining One
 60158 | Crypt:1  | Reached ***** piety under the Shining One
 60278 | Crypt:1  | Identified the +3 chain mail of Wisdom {*Corrode rN+ Will+}
 60279 | Crypt:1  | Identified the +1 robe "Rosaheviu" {Regen+}
 60279 | Crypt:1  | Identified the +3 longbow "Tahiklidd" {heavy, rCorr Dex+2
                  | SInv Stlth+}
 60548 | Crypt:2  | Identified the ring of the Byakko {Ice Fly rPois Int+4
                  | Dex-5}
 60548 | Crypt:2  | Noticed Josephina
 60562 | Crypt:2  | Killed Josephina
 60625 | Crypt:2  | Found a huge runed translucent gate.
 60626 | Crypt:2  | Found a huge runed translucent gate.
 60626 | Crypt:2  | Found a huge runed translucent gate.
 60626 | Crypt:2  | Found a huge runed translucent gate.
 60626 | Crypt:2  | Found a huge runed translucent gate.
 60626 | Crypt:2  | Found a huge runed translucent gate.
 60626 | Crypt:2  | Found a huge runed translucent gate.
 60626 | Crypt:2  | Found a huge runed translucent gate.
 60627 | Crypt:2  | Found a huge runed translucent gate.
 60640 | Crypt:2  | Found a runed translucent gate.
 60640 | Crypt:2  | Found a runed translucent gate.
 60640 | Crypt:2  | Found a runed translucent gate.
 60640 | Crypt:2  | Noticed Esecs's ghost (veteran GrEE)
 60771 | Crypt:2  | Reached ****** piety under the Shining One
 60905 | Crypt:2  | Found a huge runed translucent gate.
 60905 | Crypt:2  | Found a huge runed translucent gate.
 60906 | Crypt:2  | Found a huge runed translucent gate.
 60906 | Crypt:2  | Found a huge runed translucent gate.
 60906 | Crypt:2  | Found a huge runed translucent gate.
 60907 | Crypt:2  | Found a huge runed translucent gate.
 60907 | Crypt:2  | Found a huge runed translucent gate.
 60908 | Crypt:2  | Found a huge runed translucent gate.
 60908 | Crypt:2  | Found a huge runed translucent gate.
 60908 | Crypt:2  | Found a huge runed translucent gate.
 60909 | Crypt:2  | Found a huge runed translucent gate.
 60909 | Crypt:2  | Noticed an ancient lich
 60910 | Crypt:2  | Found a huge runed translucent gate.
 60911 | Crypt:2  | Found a huge runed translucent gate.
 60911 | Crypt:2  | Noticed an ancient lich
 60912 | Crypt:2  | Found a huge runed translucent gate.
 60923 | Crypt:2  | Found a huge runed translucent gate.
 60924 | Crypt:2  | Found a huge runed translucent gate.
 60924 | Crypt:2  | Found a huge runed translucent gate.
 60924 | Crypt:2  | Found a huge runed translucent gate.
 60924 | Crypt:2  | Found a huge runed translucent gate.
 60924 | Crypt:2  | Found a huge runed translucent gate.
 60924 | Crypt:2  | Found a huge runed translucent gate.
 60924 | Crypt:2  | Found a huge runed translucent gate.
 60936 | Crypt:2  | Found a huge runed translucent gate.
 60937 | Crypt:2  | Found a huge runed translucent gate.
 60983 | Crypt:2  | Found a huge runed translucent gate.
 60989 | Crypt:2  | Found a huge runed translucent gate.
 60989 | Crypt:2  | Found a huge runed translucent gate.
 61077 | Crypt:2  | Acquired a manual of Evocations
 61146 | Crypt:2  | Identified the +1 leather armour "Jadde" {*Corrode rF++}
 61152 | Crypt:2  | Found an iron altar of Okawaru.
 61219 | Crypt:3  | Entered Level 3 of the Crypt
 61313 | Crypt:3  | Reached skill level 10 in Invocations
 61398 | Crypt:3  | Identified a +9 broad axe of holy wrath (a +7 broad axe of
                  | protection blessed by the Shining One)
 61398 | Crypt:3  | Received a gift from the Shining One
 62015 | Crypt:3  | Found a staircase to the Tomb.
 62159 | Crypt:3  | Found a shimmering altar of Xom.
 62159 | Crypt:3  | Noticed an ancient lich
 62167 | Crypt:3  | Killed an ancient lich
 62363 | Crypt:3  | Found the +13 scythe of Curses {drain, curses, ^Drain}
 62602 | Crypt:3  | Found the +5 glaive of the Guard {elec, spectral}
 62610 | Crypt:3  | Acquired 557 gold pieces
 63114 | Elf:1    | Entered Level 1 of the Elven Halls
 63129 | Elf:1    | Found the ring of Shadows {Umbra +Inv Stlth+}
 63400 | Elf:1    | Identified the ring "Ulialoir" {rN+ Dex+6}
 63619 | Elf:1    | Noticed Zenata
 63634 | Elf:1    | Killed Zenata
 63977 | Elf:1    | Paralysed by an air elemental for 1 turns
 64039 | Elf:1    | Paralysed by an air elemental for 1 turns
 64051 | Elf:1    | Paralysed by an air elemental for 1 turns
 64093 | Elf:1    | Got the Exposition on Exhalation
 64218 | Elf:1    | Reached skill level 15 in Invocations
 64491 | Elf:2    | Paralysed by an air elemental for 1 turns
 64555 | Elf:2    | Found Quuf's Book Shop.
 64902 | Elf:2    | Found a runed translucent gate.
 64904 | Elf:2    | Found a runed translucent gate.
 64905 | Elf:2    | Found a runed translucent gate.
 65211 | Elf:2    | Paralysed by Trog for 3 turns
 65753 | Elf:3    | Entered Level 3 of the Elven Halls
 65755 | Elf:3    | Paralysed by an air elemental for 1 turns
 65835 | Elf:3    | Identified the +1 great mace "Rone Fifank" {venom, *Slow
                  | rPois Will+++ Str-2}
 66205 | Elf:3    | Identified the +0 ring mail "Taedwyi" {rElec rC- Will+}
 66313 | Elf:3    | Got the Parchment of the Geodesic
 66506 | Elf:3    | Got the Disquisition on the Salvo
 66509 | Elf:3    | Identified the +1 barding of Monotheism {rElec rF+}
 66515 | Elf:3    | Got Loruc's Parchment of Chthonic Gases
 67236 | Snake:1  | Bought the dreamshard necklace {Acrobat *Dream} for 3200
                  | gold pieces
 67236 | Snake:1  | Found the dreamshard necklace {Acrobat *Dream}
 67729 | Pan      | Entered Pandemonium
 68060 | Pan      | Noticed Rurchot the pandemonium lord
 68069 | Pan      | Killed Rurchot the pandemonium lord
 68134 | Pan      | Found an exit through the horrors of the Abyss.
 68613 | Pan      | Found a huge runed translucent gate.
 68622 | Pan      | Found a huge runed translucent gate.
 68623 | Pan      | Found a huge runed translucent gate.
 68623 | Pan      | Found a huge runed translucent gate.
 68623 | Pan      | Found a huge runed translucent gate.
 68623 | Pan      | Found a huge runed translucent gate.
 68623 | Pan      | Found a huge runed translucent gate.
 68643 | Pan      | Noticed Yfaklisk the pandemonium lord
 68659 | Pan      | Killed Yfaklisk the pandemonium lord
 68703 | Pan      | Noticed Duses the pandemonium lord
 68713 | Pan      | Killed Duses the pandemonium lord
 69082 | Pan      | Gained mutation: You occasionally shout uncontrollably at
                  | your foes. [a neqoxec]
 69160 | Pan      | Entered the realm of Mnoleg.
 69577 | Pan      | Noticed Mnoleg
 69597 | Pan      | Killed Mnoleg
 69599 | Pan      | Lost mutation: You sometimes lose your temper in combat. [a
                  | cacodemon]
 69667 | Pan      | Got a glowing rune of Zot
 69872 | Pan      | Found an exit through the horrors of the Abyss.
 69873 | Pan      | Gained mutation: Armour fits poorly on your strangely
                  | shaped body. [a neqoxec]
 70095 | Pan      | Identified the +0 helmet of Luder {rC+ Will- MP+9}
 70159 | Pan      | Gained mutation: You are frail. (-10% HP) [a cacodemon]
 70259 | Pan      | Noticed Moukh the pandemonium lord
 70274 | Pan      | Killed Moukh the pandemonium lord
 70275 | Pan      | Reached skill level 27 in Armour
 70433 | Pan      | Was forgiven by Trog
 70455 | Pan      | Found a runed translucent door.
 70471 | Pan      | Got a demonic rune of Zot
 70534 | Pan      | Found a corrupted altar of Lugonu.
 70589 | Pan      | Gained mutation: Your health recovers twice as slowly from
                  | being drained. [a neqoxec]
 70672 | Pan      | Noticed Ninog the pandemonium lord
 70692 | Pan      | Killed Ninog the pandemonium lord
 70915 | Pan      | Entered the realm of Gloorx Vloq.
 70916 | Pan      | Noticed Gloorx Vloq
 70923 | Pan      | Killed Gloorx Vloq
 70953 | Pan      | Got a dark rune of Zot
 71080 | Pan      | Found an exit through the horrors of the Abyss.
 71126 | Pan      | Entered the realm of Lom Lobon.
 71226 | Pan      | Noticed Lom Lobon
 71550 | Pan      | Killed Lom Lobon
 71560 | Pan      | Got a magical rune of Zot
 71844 | Pan      | Found an exit through the horrors of the Abyss.
 72049 | Pan      | Entered the realm of Cerebov.
 72570 | Pan      | Identified the amulet "Hianilaf" {Faith rC+ Int+3}
 72581 | Pan      | Got Lasaji's Annotations on Transmutation and Despair
 72641 | Pan      | Identified the +6 flail of Optaest {freeze, rF+ rCorr
                  | Int+5}
 72685 | Pan      | Found the +6 sword of Cerebov {flame}
 72685 | Pan      | Noticed Cerebov
 72711 | Pan      | Killed Cerebov
 72735 | Pan      | Got a fiery rune of Zot
 72924 | Pan      | Identified the +9 flail of Amorality {freeze, rPois rC+
                  | Int+4}
 72941 | Pan      | Identified the +3 ring mail of Pathos {Str+5 Slay+3}
 72973 | Pan      | Identified the +0 shortbow "Xiastuull" {elec, ^Fragile
                  | rElec rCorr Int+5}
 73073 | Pan      | Found an exit through the horrors of the Abyss.
 73144 | Pan      | Took an exit into the Abyss.
 73144 | Abyss:3  | Escaped into the Abyss
 73151 | Abyss:3  | Found a corrupted altar of Lugonu.
 73194 | Orc:2    | Escaped the Abyss
 73523 | Hell     | Entered the Vestibule of Hell
 73523 | Hell     | Noticed Geryon
 73558 | Hell     | Killed Geryon
 73561 | Hell     | Noticed Murray
 73603 | Depths:1 | Killed Murray
 73895 | Hell     | Found a gateway to the ashen valley of Gehenna.
 73939 | Hell     | Found a gateway to the decaying netherworld of Tartarus.
 73999 | Hell     | Found a gateway to the freezing wastes of Cocytus.
 74048 | Hell     | Found a gateway to the Iron City of Dis.
 74176 | Tar:1    | Entered Level 1 of Tartarus
 74209 | Tar:1    | Lost mutation: Your health recovers twice as slowly from
                  | being drained. [potion of mutation]
 74209 | Tar:1    | Lost mutation: You are somewhat resistant to further
                  | mutation. [potion of mutation]
 74209 | Tar:1    | Gained mutation: Your magical capacity is low. (-10% MP)
                  | [potion of mutation]
 74209 | Tar:1    | Gained mutation: You passively map a small area around you.
                  | [potion of mutation]
 74210 | Tar:1    | Lost mutation: Armour fits poorly on your strangely shaped
                  | body. [potion of mutation]
 74210 | Tar:1    | Lost mutation: You are clumsy. (Dex -2) [potion of
                  | mutation]
 74210 | Tar:1    | Gained mutation: You have a pair of small antennae on your
                  | head. [potion of mutation]
 74259 | Tar:1    | You are sucked into a shaft and drop 1 floor!
 75444 | Tar:7    | Entered Level 7 of Tartarus
 75572 | Tar:7    | Found the brooch of Shielding {Spirit SH+8}
 75574 | Tar:7    | Noticed an ancient lich
 75575 | Tar:7    | Noticed a dread lich
 75580 | Tar:7    | Killed an ancient lich
 75583 | Tar:7    | Killed a dread lich
 75634 | Tar:7    | Identified the +5 pair of boots "Ysmar" {rN+++ rCorr
                  | Slay-2}
 75735 | Tar:7    | Identified the ring "Poffuate" {Wiz rElec Int+2}
 75761 | Tar:7    | Reached skill level 27 in Invocations
 75813 | Tar:7    | Noticed an ancient lich
 75817 | Tar:7    | Noticed a dread lich
 75818 | Tar:7    | Killed an ancient lich
 75827 | Tar:7    | Killed a dread lich
 75829 | Tar:7    | Identified the ring of Logh {Str+6 Int+2 Stlth+}
 75844 | Tar:7    | Identified the ring of Doors {rC+ Dex+6 SInv Stlth+}
 75880 | Tar:7    | Found the +11 plutonium sword {^Contam Stlth-}
 76240 | Tar:7    | Noticed Ereshkigal
 76413 | Tar:7    | Identified the +1 morningstar of the Hidden Vale {freeze,
                  | rPois Dex+3 SInv}
 76439 | Tar:7    | Paralysed by Ereshkigal for 4 turns
 76447 | Tar:7    | Killed Ereshkigal
 76509 | Tar:7    | Identified the +3 leather armour of the Journeyman {Rampage
                  | *Corrode Int+3 Dex+2}
 76563 | Tar:7    | Got a bone rune of Zot
 76666 | Geh:1    | Entered Level 1 of Gehenna
 78151 | Geh:6    | Noticed an ancient lich
 78167 | Geh:6    | Killed an ancient lich
 78317 | Geh:6    | Lost mutation: Your magical capacity is low. (-10% MP)
                  | [potion of mutation]
 78317 | Geh:6    | Lost mutation: You passively map a small area around you.
                  | [potion of mutation]
 78317 | Geh:6    | Gained mutation: You occasionally lose the ability to drink
                  | potions when taking damage. [potion of mutation]
 78317 | Geh:6    | Gained mutation: Your body sometimes deteriorates upon
                  | taking damage. [potion of mutation]
 78317 | Geh:6    | Gained mutation: You passively map a small area around you.
                  | [potion of mutation]
 78318 | Geh:6    | Lost mutation: You are weak. (Str -2) [potion of mutation]
 78318 | Geh:6    | Lost mutation: You occasionally lose the ability to drink
                  | potions when taking damage. [potion of mutation]
 78318 | Geh:6    | Gained mutation: Your movements are slightly less
                  | encumbered by armour. (ER -2) [potion of mutation]
 78319 | Geh:6    | Lost mutation: You are frail. (-10% HP) [potion of
                  | mutation]
 78319 | Geh:6    | Lost mutation: Your movements are slightly less encumbered
                  | by armour. (ER -2) [potion of mutation]
 78319 | Geh:6    | Lost mutation: You occasionally shout uncontrollably at
                  | your foes. [potion of mutation]
 78319 | Geh:6    | Gained mutation: Your mind is acute. (Int +4, Str/Dex -1)
                  | [potion of mutation]
 78319 | Geh:6    | Gained mutation: Your natural rate of healing is unusually
                  | fast. [potion of mutation]
 78319 | Geh:6    | Gained mutation: You have hidden genetic potential. [potion
                  | of mutation]
 78319 | Geh:6    | Gained mutation: You are partially covered in iridescent
                  | scales. (AC +2) [potion of mutation]
 78330 | Geh:7    | Entered Level 7 of Gehenna
 78829 | Geh:7    | Reached skill level 15 in Dodging
 78997 | Geh:7    | Found the +13 sceptre of Asmodeus
 78997 | Geh:7    | Noticed Asmodeus
 79014 | Geh:7    | Killed Asmodeus
 79037 | Geh:7    | Identified the death talisman of the Peculiar Spirits {rC+
                  | Str+6 Int+3}
 79039 | Geh:7    | Got an obsidian rune of Zot
 79155 | Coc:1    | Entered Level 1 of Cocytus
 79487 | Coc:4    | Paralysed by a wendigo for 1 turns
 79792 | Coc:6    | Noticed a dread lich
 79809 | Coc:6    | Killed a dread lich
 79814 | Coc:6    | Paralysed by a wendigo for 1 turns
 79844 | Coc:6    | Paralysed by a wendigo for 1 turns
 79862 | Coc:6    | Gained mutation: You have an increased reservoir of magic.
                  | (+10% MP) [hidden potential]
 79997 | Coc:7    | Entered Level 7 of Cocytus
 80006 | Coc:7    | Paralysed by a wendigo for 1 turns
 80012 | Coc:7    | Paralysed by a wendigo for 1 turns
 80127 | Coc:7    | Paralysed by a wendigo for 1 turns
 80257 | Coc:7    | Reached skill level 27 in Evocations
 80483 | Coc:7    | Noticed Antaeus
 80499 | Coc:7    | Paralysed by a wendigo for 1 turns
 80501 | Coc:7    | Killed Antaeus
 80517 | Coc:7    | Got an icy rune of Zot
 80519 | Coc:7    | Identified the +3 chain mail of a Labyrinth {+Blink rC+ rN+
                  | Int+5}
 80659 | Dis:1    | Entered Level 1 of the Iron City of Dis
 81262 | Dis:3    | Noticed a juggernaut
 81439 | Hell     | Killed a juggernaut
 81853 | Tomb:1   | Entered Level 1 of the Tomb of the Ancients
 82077 | Tomb:1   | Noticed a royal mummy
 82091 | Tomb:1   | Killed a royal mummy
 82119 | Tomb:1   | Noticed a royal mummy
 82128 | Tomb:1   | Killed a royal mummy
 82181 | Tomb:1   | Identified the +0 robe of the Realm of Zot {Dex+3}
 82490 | Tomb:1   | Gained mutation: You have large cloven feet. [hidden
                  | potential]
 82490 | Tomb:1   | Lost mutation: You have hidden genetic potential. [hidden
                  | potential expressed]
 82508 | Tomb:1   | Identified the +2 robe of the Barracuda {rPois rF+}
 82697 | Tomb:2   | Noticed a royal mummy
 82698 | Tomb:2   | Noticed a royal mummy
 82700 | Tomb:2   | Noticed a royal mummy
 82700 | Tomb:2   | Noticed a royal mummy
 82710 | Tomb:2   | Killed a royal mummy
 82711 | Tomb:2   | Killed a royal mummy
 82711 | Tomb:2   | Killed a royal mummy
 82711 | Tomb:2   | Killed a royal mummy
 82842 | Tomb:2   | Reached skill level 27 in Shields
 83072 | Tomb:1   | Noticed a royal mummy
 83072 | Tomb:1   | Noticed a royal mummy
 83072 | Tomb:1   | Noticed a royal mummy
 83072 | Tomb:1   | Noticed a royal mummy
 83073 | Tomb:1   | Noticed a royal mummy
 83073 | Tomb:1   | Noticed a royal mummy
 83074 | Tomb:1   | Noticed a royal mummy
 83078 | Tomb:1   | Killed a royal mummy
 83079 | Tomb:1   | Killed a royal mummy
 83079 | Tomb:1   | Killed a royal mummy
 83087 | Tomb:1   | Killed a royal mummy
 83087 | Tomb:1   | Killed a royal mummy
 83091 | Tomb:1   | Killed a royal mummy
 83097 | Tomb:1   | Killed a royal mummy
 83183 | Tomb:1   | Noticed a royal mummy
 83185 | Tomb:1   | Noticed a royal mummy
 83229 | Tomb:1   | Killed a royal mummy
 83248 | Tomb:1   | Noticed a royal mummy
 83260 | Tomb:1   | Killed a royal mummy
 83261 | Tomb:1   | Noticed a royal mummy
 83262 | Tomb:1   | Noticed a royal mummy
 83274 | Tomb:1   | Killed a royal mummy
 83279 | Tomb:1   | Killed a royal mummy
 83287 | Tomb:1   | Noticed a royal mummy
 83299 | Tomb:1   | Killed a royal mummy
 83303 | Tomb:1   | Killed a royal mummy
 83313 | Tomb:1   | Noticed a royal mummy
 83336 | Tomb:1   | Killed a royal mummy
 83365 | Tomb:1   | Noticed a royal mummy
 83366 | Tomb:1   | Noticed a royal mummy
 83372 | Tomb:1   | Killed a royal mummy
 83377 | Tomb:1   | Killed a royal mummy
 83565 | Tomb:3   | Entered Level 3 of the Tomb of the Ancients
 83580 | Tomb:3   | Noticed a royal mummy
 83580 | Tomb:3   | Noticed a royal mummy
 83589 | Tomb:3   | Gained mutation: Your mind is very acute. (Int +8, Str/Dex
                  | -2) [mutagenic glow]
 83593 | Tomb:3   | Paralysed by a Zot trap for 3 turns
 83596 | Tomb:3   | Noticed a royal mummy
 83596 | Tomb:3   | Gained mutation: You are frail. (-10% HP) [mutagenic glow]
 83606 | Tomb:3   | Killed a royal mummy
 83611 | Tomb:3   | Gained mutation: You are strong-willed. (Will+) [mutagenic
                  | glow]
 83622 | Tomb:3   | Noticed a royal mummy
 83628 | Tomb:3   | Killed a royal mummy
 83630 | Tomb:3   | Noticed a royal mummy
 83631 | Tomb:3   | Noticed a royal mummy
 83631 | Tomb:3   | Noticed a royal mummy
 83631 | Tomb:3   | Noticed a royal mummy
 83636 | Tomb:3   | Killed a royal mummy
 83643 | Tomb:3   | Noticed Khufu
 83646 | Tomb:3   | Killed a royal mummy
 83647 | Tomb:3   | Killed a royal mummy
 83655 | Tomb:3   | Killed a royal mummy
 83674 | Tomb:3   | Gained mutation: You sometimes lose your temper in combat.
                  | [mutagenic glow]
 83681 | Tomb:3   | Killed a royal mummy
 83683 | Tomb:3   | Killed a royal mummy
 83683 | Tomb:3   | Gained mutation: Your health recovers twice as slowly from
                  | being drained. [mutagenic glow]
 83690 | Tomb:3   | Killed Khufu
 83740 | Tomb:3   | Got the Spellbook of the Charmed Graveyard
 83746 | Tomb:3   | Identified the +1 ring mail of Sif Muna's Hope {rPois}
 83813 | Tomb:3   | Got a golden rune of Zot
 83884 | Tomb:3   | Found the +8 lance "Wyrmbane" {slay drac, rPois rF+ rC+
                  | AC+3}
 83924 | Tomb:3   | Got the Opusculum on the Molten Mob
 83926 | Tomb:3   | Got Kumowk's Folio of the Throng and the Dragon
 83932 | Tomb:3   | Identified the +4 longbow of Lalaidol {drain, rC+ Will+}
 83936 | Tomb:3   | Identified the +5 flail of Zypuh {flame, Str+3}
 83957 | Tomb:3   | Identified the +3 flail "Evorif Ijou" {pain, rElec SInv}
 84480 | Depths:1 | Voluntarily entered the Abyss.
 84529 | Abyss:3  | Gained mutation: Your spells are a little easier to cast,
                  | but a little less powerful. [a neqoxec]
 84695 | Abyss:3  | Gained mutation: Armour fits poorly on your strangely
                  | shaped body. [a neqoxec]
 84730 | Abyss:3  | Lost dexterity.
 84748 | Depths:1 | Escaped the Abyss
 84790 | Depths:1 | Voluntarily entered the Abyss.
 84793 | Abyss:3  | Found a corrupted altar of Lugonu.
 85138 | Abyss:3  | Paralysed by accursed screaming for 1 turns
 85294 | Abyss:3  | Found a corrupted altar of Lugonu.
 85302 | Abyss:3  | Lost dexterity.
 85306 | Abyss:3  | Found a corrupted altar of Lugonu.
 85538 | Abyss:3  | Found a corrupted altar of Lugonu.
 85627 | Depths:1 | Escaped the Abyss
 86121 | Zot:5    | Got the Orb of Zot
 86159 | Zot:5    | Gained mutation: You are clumsy. (Dex -2) [an orb of fire]
 86170 | Zot:5    | Lost mutation: You sometimes lose your temper in combat.
                  | [an orb of fire]
 86172 | Zot:5    | Killed an orb of fire
 86534 | D:13     | Noticed Qicinet the pandemonium lord
 86542 | D:13     | Killed Qicinet the pandemonium lord
 86842 | D:$      | Escaped with the Orb!

Illustrated notes

Levels and vault maps discovered:
D:1:      dpeg_arrival_rhombi, layout_basic, nicolae_figureground_sparkle
D:2:      layout_basic, dilly_ecumenical_altar_fadedgnrine, serial_shops,
          nicolae_shop_scrapyard, minmay_crystal_room, dk_noncrumbling_2,
          minmay_misc_feat_five
D:3:      layout_basic, gammafunk_temple_of_torment, portal_sewer_entry_f,
          uniq_robin, uniq_jessica
D:4:      minmay_skewed_foursquare, layout_cave_pods
D:5:      layout_rooms, grunt_temple_overflow_open, nzn_wu_jian_contemplation,
          nicolae_elyvilon_peaceful_grove, minmay_temple_entry_statues_fountains
D:6:      layout_loops_ring, uniq_sigmund
D:7:      layout_cave_pools, serial_shops, shop, kennysheep_little_box,
          shop_fountains
D:8:      layout_loops_cross
D:9:      layout_basic, hangedman_decor_peaks_small
D:10:     minmay_separated_statues, layout_irregular_city, erik_orc_1,
          enter_bailey_3, hangedman_decor_push
D:11:     layout_big_octagon, grunt_lair_entry_orc_guard_hut,
          onia_ninara_cookie, uniq_psyche
D:12:     nzn_winding_woodlands_huge [nzn_winding_woodlands_5x15_eye,
          nzn_winding_woodlands_5x15_cabin,
          nzn_winding_woodlands_5x15_sidewinder,
          nzn_winding_woodlands_5x15_pathside_ponds,
          nzn_winding_woodlands_5x15_jagged, nzn_winding_woodlands_5x15_parted,
          nzn_winding_woodlands_5x15_sawtooth,
          nzn_winding_woodlands_5x15_river_crossing,
          nzn_winding_woodlands_5x15_longhouse,
          nzn_winding_woodlands_5x15_default,
          nzn_winding_woodlands_center_pierced_h,
          nzn_winding_woodlands_center_garden,
          nzn_winding_woodlands_15x15_killbox], layout_loops_corners,
          uniq_snorg, uniq_sonja, uniq_erolcha
D:13:     layout_cave_pods, portal_ice_cave_entry_ice_simulacra, enter_trove_5,
          muffindrake_ghost_dual_entry, lemuel_blue_sif_altar
D:14:     layout_irregular_city, grunt_vaults_entry_fortified,
          gauntlet_entry_generic, kennysheep_nub
D:15:     grunt_enter_depths_magical_seal, layout_layer_cave, minivault_14
Temple:   minmay_freezing_vapour_temple
Lair:1:   layout_cave_pods, uniq_urug, uniq_fannar
Lair:2:   layout_long_grid, swamp_mist, minmay_snake_entry_guardpost_small,
          lemuel_fruit_tree
Lair:3:   layout_small_grid
Lair:4:   layout_big_grid, slime_entry_1, lookout_lair_type,
          nzn_sisyphean_effort
Lair:5:   minmay_lair_end_frog_pond, layout_regular_city,
          chequers_serial_rivers_small_b
Swamp:1:  layout_basic_swamp, evilmike_swamp_ruin_rubble_2
Swamp:2:  layout_basic_swamp, hangedman_swamp_cone
Swamp:3:  layout_falls_marsh, nicolae_swamp_some_circles, swamp_pool_1_2,
          infiniplex_staircase_pool
Swamp:4:  byrel_swamp_growth_death_and_undeath, layout_basic_swamp
Snake:1:  layout_concentric_octagons, serial_bayou_shore_b, grunt_megastairs_5,
          minmay_shop_star
Snake:2:  layout_onion_interference, guppyfry_library_mini, nicolae_integral_box
Snake:3:  layout_onion, serial_shops, shop, uniq_aizul, uniq_agnes,
          uniq_mlioglotl
Snake:4:  johnstein_snake_rune_scales, layout_cave_town, st_stairs_3,
          nicolae_snake_salamander_jacuzzi
Slime:1:  layout_caves
Slime:2:  layout_caves
Slime:3:  layout_caves
Slime:4:  layout_caves
Slime:5:  slime_pit_nicolae_royal_road_to_ruin
Orc:1:    layout_caves
Orc:2:    pf_orc_diabolical, layout_caves, mines1_david, uniq_jorgrun
Elf:1:    layout_loops_corners, special_room [special_room_orc],
          kennysheep_underground_church, hangedman_research_electronics,
          uniq_zenata
Elf:2:    nicolae_elf_blades_splatter_lattice [nicolae_blade_entry_antechamber],
          layout_geoelf_octagon, serial_shops, shop, lemuel_flamethrower_2
Elf:3:    grunt_elf_hall_spiral, layout_onion_city
Vaults:1: vaults_room_corners, v_misc_12, v_misc_5,
          nicolae_vaults_closet_pinwheel_5, v_misc_11,
          vaults_room_grunt_arrival_ludios, ontoclasm_vaults_twist,
          st_quartered_hall, nicolae_vaults_tetromino_L_1, nicolae_vaults_theta,
          layout_vaults_omnicross
Vaults:2: v_rooms_5, v_misc_16, hangedman_vaults_stream,
          nicolae_vaults_little_squares_3, nicolae_vaults_mitosis,
          serial_library_hellmonk_angled_corner, nicolae_vaults_double_plus_1,
          layout_vaults_chaotic_city
Vaults:3: gammafunk_ghost_split, nicolae_vaults_offset_grid_hallway_3,
          nicolae_vaults_heart-shaped_vault, v_misc_11,
          minmay_crypt_entry_necro_gods, nicolae_vaults_rhombus_5,
          nicolae_vaults_puzzle_piece, v_misc_16, v_misc_28,
          nicolae_vaults_oval_intersection, hangedman_vaults_stagger,
          vaults_room_grunt_arrival_checkpoint, vaults_room_grid,
          nicolae_vaults_offset_grid_hallway_2, nicolae_vaults_tetromino_Z_1,
          layout_vaults_maze, uniq_asterion
Vaults:4: vaults_room_hangedman_quadrants, nicolae_vaults_asterisk,
          nicolae_vaults_bisected_exclaves, nicolae_vaults_trapezoid_lopsided_2,
          nicolae_vaults_closet_pinwheel_1, vaults_room_door_ring,
          layout_vaults_quadrants
Vaults:5
Crypt:1:  layout_regular_city, st_stairs_14, beargit_elvish_explorers,
          grunt_crypt_arrival_guarded_gate
Crypt:2:  layout_regular_city, gammafunk_ghost_fury_of_okawaru, door_vault,
          uniq_josephina
Crypt:3:  cryptofortress_bobbens
Tomb:1
Tomb:2
Tomb:3
Depths:1: minmay_bloctagon, layout_gridlike, abyss_entry_flame_altar,
          pf_hell_entry_tar_spiral, grunt_decor_mini_mirrors,
          serial_sigils_hangedman_quiver, grunt_ministairs_11, tso_metal_star,
          minmay_shop_grove, uniq_mara
Depths:2: ragdoll_tomb_raider, layout_basic, serial_shops, shop, special_room
          [special_room_jelly], nemelex_lonely_heart_becter,
          rand_demon_pan_entry_7, abyss_entry_small_statue_room,
          grunt_hell_entry_dis_old
Depths:3: minmay_tile_spiral, layout_basic, hangedman_abyss_entry_splay,
          lightli_too_deep, serial_library_regret_index_branch_corner,
          grunt_ministairs_5, st_stairs_13, interstate_on_off,
          small_chamber_with_monster, wad_floor_pattern_untrapped,
          infiniplex_staircase_pool_2, uniq_enchantress
Depths:4: grunt_zot_entry_gee_three, layout_cave_pools, enter_ziggurat_c,
          skrybe_limestone_x, hell_entry, chequers_serial_rivers_micro_e,
          minmay_shoptagon
Hell
Dis:1:    layout_overlapping_boxes, nicolae_dis_strange_trophy_room
Dis:2:    layout_subdivisions
Dis:3:    layout_gridville, hangedman_dis_decor_tower,
          nicolae_dis_step_into_the_octagon
Geh:1:    layout_gehenna_pools_triple, nicolae_hells_hurtin_island
Geh:2:    layout_gehenna_pools_basic
Geh:3:    layout_gehenna_lava_caves
Geh:4:    layout_gehenna_pools_triple, nicolae_geh_amphitheater,
          nicolae_geh_niches_of_the_damned
Geh:5:    layout_gehenna_pools_triple
Geh:6:    layout_gehenna_lava_caves
Geh:7:    evilmike_geh
Coc:1:    layout_ice_bergs
Coc:2:    layout_ice_bergs, nicolae_hells_seeping_fissure
Coc:3:    layout_ice_bergs
Coc:4:    layout_ice_bergs
Coc:5:    layout_cocytus_delve
Coc:6:    layout_cocytus_water_paths
Coc:7:    coc_grunt
Tar:1:    layout_grid_maze
Tar:2:    layout_grid_maze
Tar:3:    layout_cathedral_of_symmetry, nicolae_tar_cuneiform_bread,
          nicolae_tar_cuneiform_oil
Tar:4:    layout_catacombs, nicolae_tar_honey_chapel
Tar:5:    hangedman_tartarus_temple_path, layout_cathedral_of_symmetry
Tar:6:    layout_grid_maze, nicolae_tar_cuneiform_sun, nicolae_tar_windowcombs
Tar:7:    tar_grunt_cathedral
Zot:1:    layout_misc_corridors
Zot:2:    grunt_twist_and_shout, layout_onion_interference
Zot:3:    layout_misc_corridors, gammafunk_ghost_ooze, grunt_ministairs_9,
          hangedman_zot_spectrum
Zot:4:    layout_misc_corridors, grunt_ministairs_14
Zot:5:    layout_misc_corridors

Skill      XL: |  1  2  3  4  5  6  7  8  9 10 11 12 13 14 15 16 17 18 19 20 21 22 23 24 25 26 27 |
---------------+----------------------------------------------------------------------------------+-----
Axes           | 2 3 4 5 6 8 10 13 15 16 18 19 20 22 23 | 23.4
Evocations     | 1 3 4 5 6 8 10 13 15 27 | 27.0
Armour         | 6 7 9 11 12 14 15 16 17 18 19 20 21 22 27 | 27.0
Fighting       | 6 7 9 11 12 14 17 18 19 20 22 24 25 27 | 27.0
Shields        | 4 5 7 10 12 15 16 18 27 | 27.0
Dodging        | 8 10 22 | 22.9
Invocations    | 27 | 27.0

Action                     |  1- 3 |  4- 6 |  7- 9 | 10-12 | 13-15 | 16-18 | 19-21 | 22-24 | 25-27 || total
---------------------------+-------+-------+-------+-------+-------+-------+-------+-------+-------++-------
  Melee: War axe           |    99 |   137 |   256 |   217 |       |       |       |       |       ||   709
         Broad axe         |       |       |       |   317 |   799 |  1489 |  1458 |  1470 |  7104 || 12637
         Trident           |       |       |       |    14 |    25 |     4 |       |       |       ||    43
 Invoke: Berserk           |       |       |     1 |     3 |     1 |     3 |     2 |       |       ||    10
         Trog's Hand       |       |       |       |     1 |       |     1 |     4 |     4 |    14 ||    24
         Brothers in Arms  |       |       |       |       |       |       |     5 |     5 |     6 ||    16
         Cleansing Flame   |       |       |       |       |       |       |       |       |   131 ||   131
         Summon Divine War |       |       |       |       |       |       |       |       |    32 ||    32
         Divine Shield     |       |       |       |       |       |       |       |       |    22 ||    22
         Brand Weapon With |       |       |       |       |       |       |       |       |     1 ||     1
  Evoke: Wand              |       |       |       |     3 |     2 |       |    11 |     1 |     5 ||    22
         Lightning rod     |       |       |       |       |       |       |     3 |       |     5 ||     8
         Phial of floods   |       |       |       |       |       |       |     2 |     1 |       ||     3
         Tin of tremorston |       |       |       |       |       |       |       |     3 |     3 ||     6
         Box of beasts     |       |       |       |       |       |       |       |     1 |     2 ||     3
         Phantom mirror    |       |       |       |       |       |       |       |       |     3 ||     3
    Use: Potion            |     1 |       |       |       |       |       |     3 |     3 |    43 ||    50
         Scroll            |       |     7 |     3 |     5 |     3 |     8 |    14 |    11 |    38 ||    89
   Stab: Paralysed         |       |       |       |     4 |       |       |       |       |       ||     4
         Distracted        |       |       |       |       |     1 |       |       |     1 |     2 ||     4
         Invisible         |       |       |       |       |       |       |     6 |       |       ||     6
 Armour: Chain mail        |    89 |   116 |   267 |   177 |       |       |       |       |       ||   649
         Scale mail        |     4 |       |       |       |       |       |       |       |       ||     4
         Crystal plate arm |       |       |       |   565 |   786 |  1440 |  1629 |   289 |       ||  4709
         Skin              |       |       |       |     1 |       |       |       |       |       ||     1
         Gold dragon scale |       |       |       |       |       |       |       |   897 |  5047 ||  5944
  Dodge: Dodged            |    38 |    63 |   127 |   204 |   171 |   374 |   372 |   230 |  1298 ||  2877
  Block: Buckler           |    24 |    22 |    44 |   110 |   131 |   251 |   191 |       |       ||   773
         Kite shield       |       |       |       |       |       |       |   149 |       |       ||   149
         Tower shield      |       |       |       |       |       |       |   134 |  1140 |  7425 ||  8699
         Reflection        |       |       |       |       |       |       |       |       |    72 ||    72
